 Dungeon Crawl Stone Soup version 0.30.0-19-g36f170ea60 (webtiles) character file.

Game seed: 2601686170191504909

44 Graphine the Conjurer (level 3, -11/20 HPs)
             Began as a Deep Elf Conjurer on May 31, 2023.
             Killed by divine providence
             ... invoked by an orc priest
              (17 damage)
             ... on level 2 of the Dungeon.
             The game lasted 00:04:39 (1360 turns).

Graphine the Conjurer (Deep Elf Conjurer)           Turns: 1360, Time: 00:04:41

Health: -11/20     AC:  5    Str:  4    XL:     3   Next: 39%
Magic:  4/10       EV: 11    Int: 24    God:
Gold:   104        SH:  0    Dex: 13    Spells: 3/10 levels left

rFire   . . .        i - +0 dagger
rCold   . . .        (no shield)
rNeg    . . .        e - +2 leather armour {rPois}
rPois   +            (no helmet)
rElec   .            (no cloak)
rCorr   .            (no gloves)
SInv    .            (no boots)
Will    .....        (no amulet)
Stlth   ++           (no ring)
HPRegen 0.23/turn    (no ring)
MPRegen 0.12/turn

%: no passive effects
@: no status effects
A: no striking features
a: no special abilities


You were on level 2 of the Dungeon.
You visited 1 branch of the dungeon, and saw 2 of its levels.

You collected 104 gold pieces.

Inventory:

Hand Weapons
 i - a +0 dagger (weapon)
Armour
 a - a +0 robe
 e - a +2 leather armour of poison resistance (worn)
Scrolls
 b - 4 scrolls of identify {unknown}
 c - a scroll of enchant weapon {unknown}
 f - a scroll of enchant armour {unknown}
 h - a scroll of blinking {unknown}
Potions
 d - a potion of brilliance {unknown}
 g - a potion of mutation {unknown}


   Skills:
 + Level 0.9 Fighting
 - Level 2.4 Dodging
 - Level 2.4 Stealth
 * Level 4.0 Spellcasting
 * Level 5.0 Conjurations


You had 3 spell levels left.
You knew the following spells:

 Your Spells              Type           Power      Damage    Failure   Level
a - Magic Dart            Conj           100%       1d8       2%          1
b - Hailstorm             Conj/Ice       16%        3d6       19%         3
c - Dazzling Flash        Conj/Hex       32%        N/A       19%         3

Your spell library contained the following spells:

 Spells                   Type           Power      Damage    Failure   Level
 Searing Ray              Conj           56%        2d6       3%          2
 Freeze                   Ice            16%        1d4       17%         1
 Frozen Ramparts          Ice            8%         1d2       45%         3
 Fulminant Prism          Conj/Hex       8%         3d7       52%         4
 Iskenderun's Mystic Bla  Conj/Tloc      16%        2d5       52%         4


Dungeon Overview and Level Annotations

Branches:
Dungeon (2/15)

Altars:


Message History

Found 5 stones.
You see here 5 stones.
There is an open door here.
An orc priest and 3 orcs come into view.
The orc priest shouts!
The orc shouts!
An orc priest comes into view. It is wielding a +0 flail.
The orc priest looks encouraged for a moment.
Casting: Magic Dart (safe; 2% risk of failure)
Confirm with . or Enter, or press ? or * to list all spells.
The spell is extremely dangerous to miscast (19% risk of failure)!
Continue anyway?
Casting: Hailstorm (extremely dangerous; 19% risk of failure)
Press: ? - help, Dir - look around, f - activate A cannonade of hail descends around you!
The hail misses the orc.
The hail pelts the orc priest!
The orc priest is almost dead.
The orc priest shouts!
The hail pelts the orc priest.
The orc priest is moderately wounded.
The orc hits you with a +0 mace.
The orc priest calls down the wrath of Beogh upon you.
Beogh smites you!
The orc priest calls upon Beogh to heal the orc priest.
The orc priest's wounds heal themselves!
Casting: Hailstorm (extremely dangerous; 19% risk of failure)
Confirm with . or Enter, or press ? or * to list all spells.
The spell is extremely dangerous to miscast (19% risk of failure)!
Continue anyway?
Casting: Hailstorm (extremely dangerous; 19% risk of failure)
Press: ? - help, Dir - look around, f - activate A cannonade of hail descends around you!
The hail pelts the orc priest!
You kill the orc priest!
The hail pelts the orc priest.
The orc priest is moderately wounded.
The orc hits you with a +0 mace.
* * * LOW HITPOINT WARNING * * *
The orc closely misses you.
The orc priest mumbles some strange prayers to Beogh against you.
Beogh smites you!
Ouch! That really hurt!
You die...

#.#.....#.# #.
#.#####.#.#########†
#.......#...........
#..################.
#.......... #.
#..######## #.
#.....o...# #+
#...#.).#..
#..@o.o....
#...o......
#..........
##..#...#..
#........#
#.######## #. ##


You could see an orc priest and 3 orcs.

Vanquished Creatures
  An orc priest (D:2)
  A worm (D:2)
  A dart slug (D:1)
  3 giant cockroaches (D:1)
  2 goblins (D:1)
  4 hobgoblins
  4 jackals (D:1)
  5 kobolds
  3 quokkas
  2 ball pythons (D:2)
  3 bats
  4 frilled lizards (D:1)
  4 rats (D:1)
37 creatures vanquished.

Notes
Turn   | Place    | Note
-------+----------+-------------------------------------------
     0 | D:1      | Graphine the Deep Elf Conjurer began the quest for the Orb.
     0 | D:1      | Reached XP level 1. HP: 10/10 MP: 6/6
   162 | D:1      | Reached XP level 2. HP: 15/15 MP: 4/8
   685 | D:1      | Reached XP level 3. HP: 20/20 MP: 7/10
   693 | D:1      | Learned a level 3 spell: Hailstorm
   697 | D:1      | Learned a level 3 spell: Dazzling Flash
   889 | D:1      | You fall into a shaft and drop 1 floor!
  1276 | D:2      | Reached skill level 5 in Conjurations
  1360 | D:2      | Killed from afar by an orc priest

Illustrated notes

Levels and vault maps discovered:
D:1:      elethiomel_arrival_shortcut, layout_rooms
D:2:      cheibrodos_pilgrimage, layout_basic, amcnicky_mini_pool_small

Skill      XL: |  1  2  3 |
---------------+----------+-----
Spellcasting   | 4 |  4.0
Conjurations   | 5 |  5.0
Fighting       | |  0.9
Dodging        | |  2.4
Stealth        | |  2.4

Action                     || total
---------------------------++-------
  Melee: Unarmed           ||     6
   Cast: Magic Dart        ||    67
         Hailstorm         ||     3
    Use: Potion            ||     1
 Armour: Robe              ||    10
  Dodge: Dodged            ||    18
